 Dungeon Crawl Stone Soup version 0.20.1-1-g8b1a95d (webtiles) character file.

12366 polve the Grappler (level 11, -6/117 HPs)
             Began as a Troll Fighter on July 12, 2017.
             Mangled by a merfolk
             ... wielding a +2 trident of venom
              (26 damage)
             ... on level 2 of the Lair of Beasts.
             The game lasted 00:15:48 (11452 turns).

polve the Grappler (Troll Fighter)                 Turns: 11452, Time: 00:15:48

Health: -6/117     AC:  9    Str: 26    XL:     11   Next: 61%
Magic:  11/11      EV: 13    Int:  4    God:
Gold:   860        SH: 11    Dex: 16    Spells: 10/10 levels left

rFire    + + .     SeeInvis .     - Unarmed
rCold    + . .     Gourm    +   K - +0 shield
rNeg     + . .     Faith    .   L - +1 robe {rN+}
rPois    +         Spirit   .   (helmet restricted)
rElec    .         Reflect  .   q - +2 cloak {+Inv}
rCorr    .         Harm     .   (gloves unavailable)
MR       .....                  (boots unavailable)
Stlth    ..........             (no amulet)
Regen    1.1/turn               a - ring "Toyqos" {rPois rF+ Dex+4 Stlth-}
MPRegen  0.2/turn               (no ring)

@: very slightly contaminated
A: unfitting armour, claws 3, blink, cold resistance 1, fire resistance 1, fast
metabolism 3, gourmand, high mp 1, regeneration 2, shaggy fur 1, tough skin 2,
no potion heal 1
a: Blink, Evoke Invisibility


You were on level 2 of the Lair of Beasts.
You were not hungry.

You visited 3 branches of the dungeon, and saw 13 of its levels.
You also visited: Sewer.

You collected 860 gold pieces.

Inventory:

Hand Weapons
 b - a +4 scimitar of flaming
Missiles
 y - 4 large rocks (quivered)
Armour
 q - a +2 cloak of invisibility (worn)
 K - a +0 shield (worn)
 L - a +1 robe of positive energy (worn)
Jewellery
 a - the ring "Toyqos" (left claw) {rPois rF+ Dex+4 Stlth-}
   (You found it on level 1 of the Lair of Beasts)

   [ring of protection from fire]

   It affects your dexterity (+4).
   It protects you from fire.
   It protects you from poison.
   It makes you less stealthy.
Wands
 j - a wand of digging (15/24)
 u - a wand of enslavement (6/24)
 G - a wand of acid (2/15)
 I - a wand of polymorph (13/24)
 J - a wand of confusion (20/48)
 M - a wand of flame (26/48)
Scrolls
 h - 3 scrolls of remove curse
 i - 2 scrolls of enchant weapon
 l - a scroll of blinking
 m - a scroll of enchant armour {unknown}
 r - a scroll of immolation {unknown}
 t - a scroll of fog {unknown}
 v - 9 scrolls of teleportation
 w - 2 scrolls of recharging
 D - 2 scrolls of fear
 H - a scroll of magic mapping {unknown}
Potions
 c - a potion of might
 e - 5 potions of lignification
 g - 7 potions of flight
 n - 4 potions of cancellation
 p - 3 potions of heal wounds {unknown}
 s - 2 potions of agility {unknown}
 x - 4 potions of curing
 z - 2 potions of degeneration {unknown}
 A - a potion of ambrosia {unknown}
 B - 3 potions of resistance {unknown}
 C - 2 potions of brilliance {unknown}
 E - 4 potions of invisibility {unknown}
 F - 2 potions of haste {unknown}
Comestibles
 d - 9 bread rations
 f - 9 fruits
 k - 4 meat rations
 o - 2 royal jellies


   Skills:
 - Level 10.0 Fighting
 + Level 3.0 Armour
 + Level 6.8 Dodging
 + Level 6.6 Shields
 - Level 10.0 Unarmed Combat


You had 10 spell levels left.
You didn't know any spells.

Dungeon Overview and Level Annotations

Branches:
Dungeon (10/15)            Temple (1/1) D:6            Lair (2/6) D:8
  Swamp: Lair:2-4    Shoals: Lair:2-4     Snake: Lair:2-4    Spider: Lair:2-4
    Orc: D:9-12

Altars:
Ashenzari
Cheibriados
Elyvilon
Fedhas
Gozag
Hepliaklqana
Kikubaaqudgha
Makhleb
Nemelex Xobeh
Okawaru
Qazlal
Ru
Sif Muna
Trog
Uskayaw
Vehumet
Xom
Yredelemnul
Zin
The Shining One

Shops:
D:8 :


Innate Abilities, Weirdness & Mutations

You are too large for most types of armour.
You have claws for hands.
Your metabolism is lightning-fast.
You like to eat raw meat.
You heal very quickly.
You are covered in fur. (AC +1)
You have very tough skin. (AC +2)
You can translocate small distances at will.
Your flesh is cold resistant. (rC+)
Your flesh is heat resistant. (rF+)
You have an increased reservoir of magic. (+10% MP)
Potions are less effective at restoring your health.


Message History

Your system partially rejects the healing.
You feel better.
The merfolk hits you with a trident of venom!
* * * LOW HITPOINT WARNING * * *
You barely miss the merfolk.
The merfolk is moderately wounded.
The merfolk completely misses you.
Your system partially rejects the healing.
You feel better. You block the merfolk's attack.
Your system partially rejects the healing.
You feel better. You block the merfolk's attack.
You mangle the merfolk!!
The merfolk is severely wounded.
You block the merfolk's attack.
Your system partially rejects the healing.
You feel better.
You barely miss the merfolk.
The merfolk is severely wounded.
The merfolk hits you with a trident of venom!!
You die...

# ######## ###
######PPP#..###.##
....D.....Y......#
..PS.....#..##...#
......#######....#
......# #....m#
......+ ###..@##
.P....# #....#
.####.# #P....#
##..#### #....##
#......# ##...#
......## #...#
.......#.# #...#
##.(...... .....
...##..... ......


You could see a merfolk.

Vanquished Creatures
  The ghost of polve the Brawler, a journeyman TrFi of Qazlal (Lair:1)
  Erica (D:9)
  A two-headed ogre (D:8)
  A black mamba (Lair:1)
  Psyche (D:9)
  2 spiny frogs
  2 trolls (D:10)
  A hippogriff (D:7)
  Sigmund (D:3)
  A spriggan (D:7)
  A shadow (D:7)
  3 yaks (Lair:2)
  Grum (D:9)
  Menkaure (D:7)
  A water moccasin (Lair:2)
  7 porcupines
  An ice beast (D:7)
  6 orc warriors
  5 sky beasts
  2 black bears
  An eye of draining (D:8)
  7 ogres
  2 centaurs (D:9)
  8 wolves
  A crocodile (Lair:2)
  7 big kobolds
  2 gnoll sergeants
  9 bullfrogs
  8 scorpions
  A water moccasin skeleton (D:5)
  11 killer bees
  3 wights (D:9)
  3 howler monkeys
  A crimson imp (D:5)
  3 hounds
  3 orc priests
  A centaur skeleton (D:8)
  Crazy Yiuf (D:3)
  A bullfrog skeleton (D:10)
  A centaur zombie (D:7)
  2 iguanas
  9 orc wizards
  8 worker ants
  A merfolk siren (Sewer)
  A merfolk avatar (Sewer)
  A worker ant zombie (D:7)
  Robin (D:3)
  9 gnolls
  4 river rats (Sewer)
  20 adders
  2 shadow imps (D:8)
  An ooze (D:5)
  2 adder zombies (D:8)
  An adder skeleton (D:10)
  3 worms
  6 leopard geckos
  47 orcs
  7 ball pythons
  6 giant cockroaches
  17 goblins
  9 hobgoblins
  15 jackals
  5 quokkas
  6 bats
  10 frilled lizards
  A jackal skeleton (D:4)
  57 kobolds
  22 rats
387 creatures vanquished.

Vanquished Creatures (others)
  A kobold (D:9)
  2 fungi
  A plant (D:8)
4 creatures vanquished.

Grand Total: 391 creatures vanquished

Notes
Turn   | Place    | Note
-------+----------+-------------------------------------------
     0 | D:1      | polve the Troll Fighter began the quest for the Orb.
     0 | D:1      | Reached XP level 1. HP: 22/22 MP: 0/0
   132 | D:1      | Reached XP level 2. HP: 26/29 MP: 1/1
   617 | D:2      | Found an ancient bone altar of Kikubaaqudgha.
   660 | D:2      | Found a white marble altar of Elyvilon.
   784 | D:2      | Found a hazy altar of Hepliaklqana.
   837 | D:2      | Reached XP level 3. HP: 37/37 MP: 2/2
  1210 | D:2      | Reached XP level 4. HP: 37/45 MP: 3/3
  1456 | D:3      | Noticed Sigmund
  1466 | D:3      | Killed Sigmund
  1466 | D:3      | Reached XP level 5. HP: 16/54 MP: 4/4
  1609 | D:3      | Noticed Robin
  1637 | D:3      | Killed Robin
  1694 | D:3      | Reached XP level 6. HP: 62/62 MP: 5/5
  2110 | D:3      | Found a glowing drain.
  2119 | Sewer    | Entered a sewer
  2282 | Sewer    | Reached skill level 5 in Unarmed Combat
  2650 | D:3      | Found a runed door.
  2654 | D:3      | Noticed Crazy Yiuf
  2661 | D:3      | Killed Crazy Yiuf
  2796 | D:3      | Reached skill level 5 in Fighting
  2796 | D:3      | Reached XP level 7. HP: 72/72 MP: 6/6
  3289 | D:4      | Reached XP level 8. HP: 33/83 MP: 7/7
  3881 | D:5      | Entered Level 5 of the Dungeon
  4091 | D:5      | Gained mutation: You can translocate small distances at will. [mutagenic meat]
  4092 | D:5      | Gained mutation: Your flesh is cold resistant. (rC+) [mutagenic meat]
  4093 | D:5      | Gained mutation: Your flesh is heat resistant. (rF+) [mutagenic meat]
  4094 | D:5      | Gained mutation: You heal very quickly. [mutagenic meat]
  4095 | D:5      | Gained mutation: You have an increased reservoir of magic. (+10% MP) [mutagenic meat]
  4096 | D:5      | Gained mutation: Potions are less effective at restoring your health. [mutagenic meat]
  4552 | D:5      | Found an opulent altar of Gozag.
  4552 | D:5      | Found a basalt altar of Yredelemnul.
  4960 | D:6      | Found a staircase to the Ecumenical Temple.
  5008 | Temple   | Entered the Ecumenical Temple
  5320 | D:6      | Reached XP level 9. HP: 79/93 MP: 8/8
  5803 | D:7      | Noticed Menkaure
  5810 | D:7      | Killed Menkaure
  7081 | D:7      | Reached skill level 10 in Unarmed Combat
  7294 | D:8      | Reached XP level 10. HP: 101/106 MP: 10/10
  7481 | D:8      | Found a radiant altar of Vehumet.
  7538 | D:8      | Found a staircase to the Lair.
  7561 | D:8      | Found Liazxaah's Book Emporium.
  7650 | D:8      | Noticed a two-headed ogre
  7658 | D:8      | Killed a two-headed ogre
  7798 | D:9      | Noticed Grum
  7813 | D:9      | Killed Grum
  8114 | D:9      | Noticed Erica
  8484 | D:9      | Noticed Psyche
  8486 | D:9      | Found a sparkling altar of Nemelex Xobeh.
  8557 | D:9      | Killed Psyche
  8565 | D:10     | Entered Level 10 of the Dungeon
  8707 | D:10     | Reached skill level 5 in Dodging
  8793 | D:10     | Reached skill level 5 in Shields
  9118 | D:10     | Reached XP level 11. HP: 111/117 MP: 11/11
 10060 | D:9      | Found a glowing silver altar of Zin.
 10147 | D:9      | Killed Erica
 10147 | D:9      | Reached skill level 10 in Fighting
 10278 | Lair:1   | Entered Level 1 of the Lair of Beasts
 10414 | Lair:1   | Reached skill level 1 in Armour
 10557 | Lair:1   | Got an ancient copper ring
 10558 | Lair:1   | Identified the ring "Toyqos" {rPois rF+ Dex+4 Stlth-} (You found it on level 1 of the Lair of Beasts)
 10590 | Lair:1   | Noticed polve's ghost (journeyman TrFi)
 10623 | Lair:1   | Killed polve's ghost
 11374 | Lair:2   | Noticed a six-headed hydra
 11446 | Lair:2   | HP: 4/117 [merfolk/trident of venom (14)]
 11452 | Lair:2   | Mangled by a merfolk

Skill      XL: |  1  2  3  4  5  6  7  8  9 10 11 |
---------------+----------------------------------+-----
Fighting       | 3 4 5 7 8 9 10 | 10.0
Unarmed Combat | 3 4 5 6 8 10 | 10.0
Dodging        | 3 5 6 |  6.8
Shields        | 3 5 6 |  6.6
Armour         | 3 |  3.0

Action                   |  1- 3 |  4- 6 |  7- 9 | 10-12 || total
-------------------------+-------+-------+-------+-------++-------
Melee: Unarmed           |   118 |   220 |   472 |   430 ||  1240
       Scimitar          |       |       |       |     3 ||     3
  Use: Scroll            |       |       |       |    10 ||    10
       Potion            |       |       |       |     5 ||     5
 Stab: Sleeping          |       |     1 |     1 |       ||     2
       Distracted        |       |       |     1 |       ||     1
  Eat: Chunk             |    17 |    15 |    49 |    32 ||   113
Armor: Robe              |    40 |    73 |   171 |    78 ||   362
Dodge: Dodged            |    30 |    74 |   142 |   161 ||   407
Block: Shield            |    41 |   117 |   201 |   192 ||   551
       Rpst.: Scimitar   |       |       |       |     1 ||     1
